Cogmind - Beta 11 @@@ ROGUE MODE // 2022.04.16 @ 18:13:55 Player: ILikeVoltron Result: Destroyed by G-47 Trooper with Particle Gun Performance ------------- Evolutions (2) 1000 Regions Visited (4) 800 Robots Destroyed (42) 210 Value Destroyed (1104) 1104 Prototype IDs (3) 60 Alien Tech Used (0) 0 Bonus (0) 0 TOTAL SCORE: 3174 Bonus ------- None Cogmind --------- Core Integrity 0/550 Matter 290/300 Energy 55/100 System Corruption 0% Temperature Cool (86) Movement Rolling (100) Location -8/Materials Parts ------- > --- POWER (1) -------- (None) > --- PROPULSION (3) --- Compact Wheel Compact Wheel > --- UTILITY (4) ------ Small Storage Unit Advanced Visual Processing Unit Advanced Targeting Computer > --- WEAPON (3) ------- Improved EM Shotgun Advanced Beam Rifle Makeshift Spear > --- INVENTORY (8) ---- Small Storage Unit Structural Scanner Experimental Sensor Array Terrain Scan Processor Light Armor Plating Improved Light Armor Plating Peak State ------------ > --- POWER ------------ Light Nuclear Core > --- PROPULSION ------- Compact Wheel Compact Wheel > --- UTILITY ---------- Small Storage Unit Advanced Visual Processing Unit Advanced Targeting Computer > --- WEAPON ----------- Improved EM Shotgun Advanced Beam Rifle Makeshift Spear > --- INVENTORY -------- Small Storage Unit Structural Scanner Experimental Sensor Array Terrain Scan Processor Light Armor Plating Improved Light Armor Plating [Rating: 24] Favorites ----------- Power Light Ion Engine Engine Light Ion Engine Power Core Light Nuclear Core Propulsion Aluminum Leg Leg Aluminum Leg Wheel Compact Wheel Hover Unit Improved Hover Unit Utility Small Storage Unit Device Experimental Sensor Array Storage Small Storage Unit Processor Advanced Targeting Computer Protection Light Armor Plating Weapon Mace Energy Gun Particle Gun Launcher Grenade Launcher Special Weapon Plasma Cutter Impact Weapon Mace Piercing Weapon Makeshift Spear Build | -11 -10 -10 -9 -8 ------- Run | Scr Mat Min Mat Mat Slots Evolved 4 | . . . 2 2 Power . | . . . . . Propulsion 1 | . . . 1 . Utility 2 | . . . . 2 Weapon 1 | . . . 1 . Parts Attached 40 | . 4 7 11 18 Power 4 | . . 1 2 1 Engine 3 | . . 1 2 . Core 1 | . . . . 1 Reactor . | . . . . . Propulsion 11 | . . 2 3 6 Treads . | . . . . . Leg 5 | . . 2 3 . Wheel 4 | . . . . 4 Hover 2 | . . . . 2 Flight . | . . . . . Utility 9 | . 1 1 2 5 Device 3 | . 1 1 . 1 Storage 2 | . . . 1 1 Processor 2 | . . . . 2 Hackware . | . . . . . Protection 2 | . . . 1 1 Artifact . | . . . . . Weapon 16 | . 3 3 4 6 Energy Gun 6 | . 3 1 . 2 Energy Cannon . | . . . . . Ballistic Gun . | . . . . . Ballistic Cannon . | . . . . . Launcher 2 | . . 1 . 1 Special Weapon 3 | . . . 1 2 Impact Weapon 3 | . . . 3 . Slashing Weapon . | . . . . . Piercing Weapon 2 | . . 1 . 1 Special Melee Weapon . | . . . . . Unidentified Prototypes 3 | . . 1 . 2 Corrupted Parts 1 | . . 1 . . System Corruption 1 | . . 1 . . Parts Lost 18 | . . 2 4 12 Power 3 | . . . 1 2 Propulsion 8 | . . . 3 5 Utility 1 | . . . . 1 Weapon 6 | . . 2 . 4 Highest Loss Streak 6 | . . 2 2 6 To Critical Strikes . | . . . . . Average Slot Usage (%) 88 | . 98 99 89 58 Engine 10 | . 14 14 8 1 Leg 21 | . 28 28 25 . Wheel 1 | . . . . 6 Device 9 | . 12 14 7 . Storage 14 | . 14 14 13 16 Processor 1 | . . . . 7 Energy Gun 6 | . 28 7 . 4 Launcher 5 | . . 13 . . Impact Weapon 10 | . . . 32 11 Piercing Weapon 3 | . . 7 . 1 Naked Turns . | . . . . . Heaviest Build 18 | 13 15 17 18 17 Greatest Support 48 | 20 20 20 30 48 Greatest Overweight (x) 5 | . . . 1 5 Average Overweight (x) . | . . . . . Largest Inventory Capacity 8 | . 8 8 8 8 Average Capacity 8 | . 8 8 8 8 Most Carried 8 | . 8 8 8 8 Average Carried 7 | . 7 7 7 7 Final Capacity 8 | 8 8 8 8 8 Final Carried 8 | 6 8 8 8 6 Class Distribution -------------------- 92% | Mutant 7% | Scavenger-Mutant Dominant Class ---------------- Mutant | -10/Materials Mutant | -10/Mines Mutant | -9/Materials Mutant | -8/Materials Resources | -11 -10 -10 -9 -8 ----------- Run | Scr Mat Min Mat Mat Matter Collected 899 | 198 12 194 350 145 Remotely 40 | . . . . 40 Salvage Created 1552 | . 110 147 584 711 Parts 49 | . 6 7 20 16 Haulers Intercepted 1 | . . . 1 . Recyclers Shooed . | . . . . . Parts Field Recycled . | . . . . . Retrieved Matter . | . . . . . Parts Self-Destructed . | . . . . . Prevented . | . . . . . Kills | -11 -10 -10 -9 -8 ------- Run | Scr Mat Min Mat Mat Combat Hostiles Destroyed 29 | . 2 2 16 9 Melee 11 | . . . 10 1 Guns 6 | . 2 . . 4 AOE 3 | . . 2 . 1 Classes Destroyed 10 | . 1 2 6 1 Worker 4 | . . 1 1 2 Builder 1 | . . . 1 . Hauler 1 | . . . 1 . Recycler 4 | . . 1 . 3 Operator 2 | . . . 1 1 Watcher 1 | . . . 1 . Swarmer 6 | . . . 6 . Grunt 19 | . 2 2 8 7 Brawler 2 | . . . . 2 Sentry 2 | . . . 2 . Best Kill Streak 6 | . 2 2 5 6 Combat Bots Only 5 | . 2 2 5 3 Max Kills in Single Turn 2 | . 1 2 1 1 Gunslinging . | . . . . . Exploded 1 | . . 1 . 1 Melee 1 | . . . 1 1 Uniques/NPCs Destroyed . | . . . . . Combat | -11 -10 -10 -9 -8 -------- Run | Scr Mat Min Mat Mat Damage Taken 2616 | . 84 245 796 1491 Core 812 | . 14 43 203 552 Absorbed by Shields . | . . . . . Core Remaining (%) 75 | 100 . 77 49 . Volleys Fired 70 | . 6 25 . 39 Largest 3 | . 2 2 . 3 Hottest 106 | . 80 95 . 106 Shots Fired 88 | . 12 32 . 44 Gun 66 | . 12 14 . 40 Cannon . | . . . . . Launcher 20 | . . 18 . 2 Special 2 | . . . . 2 Kinetic . | . . . . . Thermal 50 | . 6 5 . 39 Explosive 20 | . . 18 . 2 Electromagnetic 18 | . 6 9 . 3 Robot Hit Streak 11 | . 5 11 . 9 Robot Miss Streak 4 | . 2 1 . 4 Penetration Max . | . . . . . Secondary Targets . | . . . . . Shots Hit Robots 120 | . 8 16 45 51 Core Hits 39 | . 5 8 7 19 Critical Kills 3 | . . . 3 . Critical Parts Destroyed 10 | . . . 8 2 Critical Strikes 16 | . . . 11 5 Burn 3 | . . . . 3 Smash 13 | . . . 11 2 Melee Attacks 116 | . . 11 77 28 Impact 105 | . . . 77 28 Slashing . | . . . . . Piercing 11 | . . 11 . . Sneak Attacks 9 | . . 2 6 1 Combat Hostiles . | . . . . . Follow-up Attacks 16 | . . . 11 5 Damage Inflicted 3431 | . 103 422 1528 1378 Guns 796 | . 103 123 . 570 Cannons . | . . . . . Explosions 335 | . . 204 . 131 Melee 2300 | . . 95 1528 677 Ramming . | . . . . . Kinetic . | . . . . . Thermal 580 | . 34 46 . 500 Explosive 335 | . . 204 . 131 Electromagnetic 216 | . 69 77 . 70 Impact 2205 | . . . 1528 677 Slashing . | . . . . . Piercing 95 | . . 95 . . Highest Corruption 1 | . . 1 . . Average Corruption 1 | . . 1 . . Corruption Purged . | . . . . . Corruption Blocked . | . . . . . Effects 5 | . . 5 . . Matter Fused 4 | . . 4 . . Energy Discharges 1 | . . 1 . . Overload Shots . | . . . . . Overflow Damage 690 | . . 4 503 183 Projectiles 13 | . . . 13 . Explosions . | . . . . . Melee 677 | . . 4 490 183 Knockbacks 17 | . . . 11 6 Impact 15 | . . . 9 6 Kinetic . | . . . . . Secondary 2 | . . . 2 . Self-Inflicted Damage 81 | . . 57 . 24 Shots 4 | . . 3 . 1 Rammed . | . . . . . Targets Rammed . | . . . . . Kicked . | . . . . . Crushed . | . . . . . Highest Temperature 242 | . 159 242 . 147 Average Temperature 75 | . 83 114 . 55 Received Heat Transfer 1353 | . 51 105 279 918 Effects 1 | . . 1 . . Energy Bleed 1 | . . 1 . . Siege Activations . | . . . . . Robots Corrupted . | . . . . . Combat Hostiles . | . . . . . Parts Fried 13 | . . . 10 3 Impact Corruptions 34 | . . . 24 10 Robots Melted . | . . . . . Combat Hostiles . | . . . . . Parts Melted . | . . . . . Heat Transferred 1333 | . 75 111 . 1147 Parts Sabotaged . | . . . . . Parts Stolen . | . . . . . Parts Stripped . | . . . . . Power Chain Reactions . | . . . . . Missiles Intercepted . | . . . . . Alert | -11 -10 -10 -9 -8 ------- Run | Scr Mat Min Mat Mat Peak Influence 291 | . 65 248 265 291 Initial 108 | . . 25 . 108 Average 97 | . 28 69 110 182 Maximum Alert Level 1 | . . 1 1 1 Low Security (%) 86 | . 100 95 82 63 Level 1 13 | . . 4 17 36 Level 2 . | . . . . . Level 3 . | . . . . . Level 4 . | . . . . . Level 5 . | . . . . . High Security . | . . . . . Max Security . | . . . . . Squads Dispatched 7 | . 2 . 1 4 Investigation 2 | . 1 . . 1 Extermination . | . . . . . Reinforcement 5 | . 1 . 1 3 Assault . | . . . . . Garrison . | . . . . . Intercept . | . . . . . Searches Triggered . | . . . . . Construction Impeded . | . . . . . Haulers Reinforced . | . . . . . Active Scanning Responses . | . . . . . Cargo Convoy Interrupts . | . . . . . Stealth | -11 -10 -10 -9 -8 --------- Run | Scr Mat Min Mat Mat Distress Signals 3 | . . . 1 2 Communications Jammed . | . . . . . Distress Signals . | . . . . . Times Spotted 43 | . 3 2 20 18 Peak Tracking Total 6 | . 2 2 6 6 Tactical Retreats 3 | . . . 1 2 Traps | -11 -10 -10 -9 -8 ------- Run | Scr Mat Min Mat Mat Traps Triggered . | . . . . . Indirectly . | . . . . . Trap Hack Attempts . | . . . . . Triggered . | . . . . . Disarmed . | . . . . . Reprogrammed . | . . . . . Reused . | . . . . . Traps Extracted . | . . . . . Installed . | . . . . . Triggered . | . . . . . Machines | -11 -10 -10 -9 -8 ---------- Run | Scr Mat Min Mat Mat Machines Disabled 1 | . . 1 . . Max in Single Turn 1 | . . 1 . . Machines Sabotaged . | . . . . . Garrisons Compromised . | . . . . . Overloaded Fab Kills . | . . . . . Hacking | -11 -10 -10 -9 -8 --------- Run | Scr Mat Min Mat Mat Machines Accessed 10 | . 3 . 4 3 Terminals 5 | . 1 . 2 2 Fabricators . | . . . . . Repair Stations . | . . . . . Recycling Units 4 | . 2 . 1 1 Scanalyzers 1 | . . . 1 . Garrison Access . | . . . . . Total Hacks 27 | . 8 . 10 9 Successful 16 | . 5 . 4 7 Failed 11 | . 3 . 6 2 Catastrophic 1 | . . . . 1 Database Lockouts . | . . . . . Manual 7 | . . . 3 4 Terminals 14 | . 2 . 6 6 Fabricators . | . . . . . Repair Stations . | . . . . . Recycling Units 11 | . 6 . 2 3 Scanalyzers 2 | . . . 2 . Garrison Access . | . . . . . Terminal Hacks 5 | . 1 . 2 2 Branch Access Points 1 | . . . . 1 Terminal Index 1 | . . . . 1 Scanalyzer Index 1 | . . . 1 . Locate Traps 1 | . 1 . . . Zone Layout 1 | . . . 1 . Fabricator Hacks . | . . . . . Repair Station Hacks . | . . . . . Recycling Unit Hacks 6 | . 4 . . 2 Report Inventory 3 | . 2 . . 1 Retrieve Matter 1 | . . . . 1 Retrieve Components 2 | . 2 . . . Scanalyzer . | . . . . . Garrison Access Hacks . | . . . . . Unauthorized Hacks 5 | . . . 2 3 Terminals 3 | . . . 1 2 Track 2 | . . . 1 1 Assimilate 1 | . . . . 1 Fabricators . | . . . . . Repair Stations . | . . . . . Recycling Units 1 | . . . . 1 Recyclers 1 | . . . . 1 Scanalyzers 1 | . . . 1 . Researchers 1 | . . . 1 . Garrison Access . | . . . . . Data Cores Recovered . | . . . . . Used . | . . . . . Hacking Detections 9 | . 3 . 3 3 Full Trace Events 2 | . 1 . . 1 Feedback Events . | . . . . . Feedback Blocked . | . . . . . Robot Schematics Acquired . | . . . . . Robots Built . | . . . . . Authchips . | . . . . . Time . | . . . . . Total Robot Build Rating . | . . . . . Part Schematics Acquired . | . . . . . Parts Built . | . . . . . Authchips . | . . . . . Time . | . . . . . Total Part Build Rating . | . . . . . Parts Repaired . | . . . . . Time . | . . . . . Parts Recycled . | . . . . . Recycled Matter . | . . . . . Retrieved Matter . | . . . . . Retrieved Components 4 | . 4 . . . Parts Scanalyzed . | . . . . . Part Schematics Acquired . | . . . . . Parts Damaged . | . . . . . Bothacking | -11 -10 -10 -9 -8 ------------ Run | Scr Mat Min Mat Mat Used RIF Installer . | . . . . . Robots Hacked . | . . . . . Non-combat . | . . . . . Combat . | . . . . . Robot Hacks Applied . | . . . . . Relay Couplers Released . | . . . . . Fabnet Peak Effective % . | . . . . . Robots Rewired . | . . . . . Allies Hacked . | . . . . . Hacks Repelled . | . . . . . Allies | -11 -10 -10 -9 -8 -------- Run | Scr Mat Min Mat Mat Total Allies . | . . . . . Largest Group . | . . . . . Highest-Rated Group . | . . . . . Highest-Rated Ally . | . . . . . Total Orders . | . . . . . Ally Attacks . | . . . . . Total Damage . | . . . . . Kills . | . . . . . Allies Corrupted . | . . . . . Allies Melted . | . . . . . Intel | -11 -10 -10 -9 -8 ------- Run | Scr Mat Min Mat Mat Robot Analysis Total . | . . . . . Derelict Logs Recovered 2 | . . 2 . . Drone Launches . | . . . . . Drone Recoveries . | . . . . . Exploration | -11 -10 -10 -9 -8 ------------- Run | Scr Mat Min Mat Mat Turns Passed 2319 | . 252 1010 604 453 Spaces Moved 1422 | 1 165 765 288 203 Core 25 | . . . . 25 Treads . | . . . . . Legs 1238 | 1 165 765 288 19 Wheels 58 | . . . . 58 Hover 101 | . . . . 101 Flight . | . . . . . Fastest Speed 60 | 120 120 120 120 60 Average Speed 125 | 120 120 120 139 130 Slowest Speed 300 | 120 120 120 190 300 Overloaded Moves . | . . . . . Propulsion Burnouts . | . . . . . Robots Hopped . | . . . . . Cave-ins Triggered . | . . . . . Exploration Rate (%) 37 | 1 34 93 27 30 Regions Visited 4 Branch Regions 1 Pre-discovered Areas 2 | . . 2 . . Known Exits Taken . | . . . . . Unknown Exits Taken 4 | 1 1 1 1 . Scrap Searched 1 | . . 1 . . Spaces Dug 14 | . . 7 7 . Terrain Destroyed 158 | . . 139 7 12 Melee 14 | . . 7 7 . Projectile . | . . . . . AOE 144 | . . 132 . 12 Terrain Rammed . | . . . . . Walls Destroyed . | . . . . . Machines Disabled . | . . . . . Actions | -11 -10 -10 -9 -8 --------- Run | Scr Mat Min Mat Mat Total 1709 | . 211 814 382 302 Wait 49 | . 21 2 12 14 Move 1418 | . 164 764 287 203 Hop . | . . . . . Pick Up 13 | . 8 1 4 . Fast Attach 23 | . 2 2 5 14 Attach 8 | . . 2 2 4 Detach 5 | . . . 2 3 Swap 9 | . 2 3 4 . Drop 22 | . 8 4 7 3 Fire 70 | . 6 25 . 39 Melee 92 | . . 11 59 22 Ram . | . . . . . Kick . | . . . . . Crush . | . . . . . Escape Stasis . | . . . . . Rewire . | . . . . . Trap . | . . . . . Miscellaneous . | . . . . . Route ------- -11/Scrapyard -10/Materials -10/Mines (discovered 2 exits: *Mat x2) -9/Materials -8/Materials (discovered 1 exit: Sto) History --------- Turn | Location | Event 1 | -11/Scrapyard | Discovered new exit (range 0) 1 | -11/Scrapyard | Entered Materials 184 | -10/Materials | Discovered new exit (range 16) 253 | -10/Materials | Entered Mines 270 | -10/Mines | Discovered new exit (range 10) 308 | -10/Mines | Build established: Mutant 377 | -10/Mines | Found a damaged Exp. Sensor Array with a note attached 380 | -10/Mines | Found Prototype Device 380 | -10/Mines | Identified Exp. Sensor Array 693 | -10/Mines | Learned location of Storage (-8) 700 | -10/Mines | A weapon hastily lodged in a ceiling crevice suddenly fell to the ground 1182 | -10/Mines | Discovered new exit (range 11) 1263 | -10/Mines | Entered Materials 1263 | -9/Materials | Evolved 2 slots: Propulsion x1, Weapon x1 1839 | -9/Materials | Core integrity fell below 50% 1860 | -9/Materials | Discovered new exit (range 4) 1867 | -9/Materials | Entered another Materials area 1867 | -8/Materials | Evolved 2 slots: Utility x2 1982 | -8/Materials | Identified exit to Storage 2078 | -8/Materials | Core integrity fell below 50% 2120 | -8/Materials | Core integrity fell below 20% 2177 | -8/Materials | Lost 6 parts (3n3w) 2320 | -8/Materials | Destroyed by G-47 Trooper with Particle Gun Last Messages --------------- 02270_ G-47 Trooper overheating. 02283_ Connecting with Recycling Unit... >>Recycling(Report) Matter reserves: 0 Inventory: Empty 02283_ Connecting with Recycling Unit... >>Trojan(Recyclers) Trojan loaded successfully. Testing... Recycler tracking enabled and active. 02284_ W-25 Informer sends out distress signal. 02292_ R-06 Scavenger collects Plasma Cutter. 02294_ B-36 Bruiser destroyed. 02296_ K-01 Serf collects debris. 02298_ Com. Wheel destroyed. 02307_ Acquired Prototype Energy Gun. 02307_ Identified Imp. EM Shotgun. 02312_ Lgt. Nuclear Core destroyed. 02314_ G-47 Trooper misfires. 02318_ G-47 Trooper suffers critical hit (Burn). Map ----- +----------------------------------------------------+ | ?????????????????????????????????????????????????? | | ????????????????? ???????????????????????????????? | | ????????????????? ???????????????????????????????? | | ???????????????"T ?? "??????????????????????????? | | ??????????????#"" ?? ""?????????????????????????? | | ??????????????# ? ??? ????????????????????? | | ??????????????# ? ? ?????????????????????? | | ??????????????# """ """ ""????????????????????? | | ?????????????## """ """ """???????????????????? | | ?????????????# """ """ """ ??????????????????? | | ??????????#### ???????????????????? | | ??????????? ????????????????????? | | ???????????? ?????????????????????? | | ????????????? ???????????????????????? | | ?????????????# #????????????????????????? | | ?????????????# #????????????????????????? | | ?????????????# =% #????????????????????????? | | ?????????????# #????????????????????????? | | ?#+########### #????????????????????????? | | ?# ] #????????????????????????? | | ?# ^ #????????????????????????? | | ## "" #????????????????????????? | | Y" #????????????????????????? | | ## "" ####/######????????????????????? | | ?# ^!! # gg #????????????????????? | | ?# ! # @ #????????????????????? | | ?# !! # / #????????????????????? | | ?# r# """ #????????????????????? | | ?# # """ #????????????????????? | | ##+########""T""# # "" """ #????????????????????? | | # #???#"""""# # S"" #????????????????????? | | # ########### # "" #????????????????????? | | # # # ###########????????????????????? | | # # ! # #??????????????????????????????? | | # """ # ! # ??????????????????????????????? | | # """ #% ! + ??????????????????????????????? | | # """ + %! # ??????????????????????????????? | | # #! =!* ###??????????????????????????????? | | # """ #*%*%|= #????????????????????????????????? | | # """ #!%r%[% #????????????????????????????????? | | # """ ##+########????????????????????????????????? | | # ## #"""""#?????????????????????????????????? | | ###+#### #""T""###???????????????????????????????? | | #???????????????????????????????? | | #???????????????????????????????? | | #???????????????????????????????? | | #???????????????????????????????? | | """" """" #???????????????????????????????? | | """" """" #???????????????????????????????? | | """" """" #######?????????????????????????? | +----------------------------------------------------+ Best States ------------- Heat Dissipation 31 Energy Generation 14 Energy Capacity 250 Matter Stores 400 Matter Capacity 400 Sight Range 20 Robot Scan Range 20 Terrain Scan Density 10 Armor Coverage 150 Evasion (%) 55 Targeting Accuracy 8 Item Schematics ----------------- None Robot Schematics ------------------ None Fabricated ------------ Nothing Alien Tech Used ----------------- None Achievements -------------- None Challenges ------------ None Game ------ Seed UltimateTerrainTerminator Manual? 0 Play Time 00:25:37 Cumulative 52.0 hours Start 2022.04.16 @ 10:29:23 End 2022.04.16 @ 18:13:55 Sessions 3 Manual Loads 0 Difficulty Rogue Special Mode None Game No. 68 Rogue 64 Adventurer 0 Explorer 4 Win Type - Total 0 Types 0/0/0/0/0/0/0/0/0 Lore% 17 Gallery% 31 Achievement% 27 Wizard Run 0 Options --------- ASCII 0 Keyboard 1 Movement Arrows Keybinds 0 Fullscreen 1 Font 24/Smallcaps Map View 113x50 Tactical HUD 1 Map Filters NONE Filters NONE Steam 1 RUN: e5189003-751a-43ac-a831-51ea7ad658a9